 Dungeon Crawl Stone Soup version 0.26.0-45-g9c1d065592 (webtiles) character file.

Game seed: 2557102248655883917

100 ANNNA the Stinger (level 4, -2/24 HPs)
             Began as a Deep Elf Venom Mage on Jan 27, 2021.
             Killed from afar by a hobgoblin (26 damage)
             ... with a bolt of acid
             ... on level 3 of the Dungeon.
             The game lasted 00:05:53 (2281 turns).

ANNNA the Stinger (Deep Elf Venom Mage)             Turns: 2281, Time: 00:05:53

Health: -2/24      AC:  3    Str:  6    XL:     4   Next: 46%
Magic:  4/12       EV: 13    Int: 20    God:
Gold:   108        SH:  0    Dex: 15    Spells: 2/11 levels left

rFire    . . .     SeeInvis .   d - +0 dagger
rCold    . . .     Faith    .   (no shield)
rNeg     . . .     Spirit   .   a - +0 robe
rPois    .         Reflect  .   (no helmet)
rElec    .         Harm     .   (no cloak)
rCorr    .         Rampage  .   c - +0 pair of gloves
Will     .....                  (no boots)
Stlth    ++........             (no amulet)
HPRegen  0.08/turn              (no ring)
MPRegen  0.13/turn              (no ring)

@: no status effects
A: no striking features
a: no special abilities


You were on level 3 of the Dungeon.
You visited 1 branch of the dungeon, and saw 3 of its levels.

You collected 108 gold pieces.

Inventory:

Hand Weapons
 d - a +0 dagger (weapon)
Missiles
 h - 67 stones
Armour
 a - a +0 robe (worn)
 c - a +0 pair of gloves (worn)
Jewellery
 l - a cursed amulet of magic regeneration {unknown}
Scrolls
 b - a scroll of enchant weapon {unknown}
 g - a scroll of magic mapping
 i - a scroll of teleportation
 m - a scroll of enchant armour {unknown}
 n - 2 scrolls of identify {unknown}
Potions
 e - a potion of cancellation {unknown}
 f - 2 potions of haste {unknown}
 j - 2 potions of attraction {unknown}
 k - a potion of curing {unknown}
 o - a potion of lignification {unknown}
 p - a potion of degeneration {unknown}


   Skills:
 + Level 0.1 Short Blades
 + Level 2.9 Dodging
 + Level 2.8 Stealth
 + Level 4.2 Spellcasting
 + Level 1.7 Transmutations
 + Level 0.1 Fire Magic
 + Level 0.1 Air Magic
 + Level 4.5 Poison Magic


You had 2 spell levels left.
You knew the following spells:

 Your Spells              Type           Power        Failure   Level
a - Sting                 Tmut/Pois      64%          3%          1
b - Poisonous Vapours     Pois/Air       26%          7%          2
c - Ignite Poison         Fire/Tmut/Pois 12%          16%         3
d - Mephitic Cloud        Conj/Pois/Air  10%          21%         3

Your spell library contained the following spells:

 Spells                   Type           Power        Failure   Level
 Olgreb's Toxic Radiance  Pois           22%          19%         4


Dungeon Overview and Level Annotations

Branches:
Dungeon (3/15)

Altars:
Gozag
Uskayaw


Message History

You start resting.
A ball python comes into view.
Casting: Ignite Poison (quite dangerous; 16% risk of failure)
Confirm with . or Enter, or press ? or * to list all spells.
Aiming: Poisonous Vapours (safe; 8% risk of failure)
Press: ? - help, Dir - move target, f - ball python
Aim: a ball python (wandering, hasn't noticed you) Poisonous vapours surround the ball python!
The ball python hisses angrily.
The ball python is engulfed in poison gas.
The ball python is poisoned.
You kill the ball python!
You start resting.
A hobgoblin comes into view. It is wielding a +0 club.
A hobgoblin and a kobold come into view.
The hobgoblin is carrying a wand of acid (6).
The hobgoblin shouts!
The kobold shouts!
The hobgoblin shouts!
The hobgoblin zaps a wand.
The bolt of acid hits you!!
Ouch! That really hurt!
You die...

##.........#
'..†K.....#
..g.....g
....... .†...
... #'# #@# #.#
######.##
....#...##
#......#
#.....##
#.#...########
...#...........
###
#...########


You could see 2 hobgoblins and a kobold.

Vanquished Creatures
  A gnoll (D:3)
  4 adders
  An ooze (D:2)
  A worm (D:3)
  A dart slug (D:3)
  A leopard gecko (D:2)
  A giant cockroach (D:2)
  4 goblins
  4 hobgoblins
  9 jackals (D:3)
  A ball python (D:3)
  3 bats
  2 frilled lizards
  7 kobolds
  5 rats
45 creatures vanquished.

Notes
Turn   | Place    | Note
-------+----------+-------------------------------------------
     0 | D:1      | ANNNA the Deep Elf Venom Mage began the quest for the Orb.
     0 | D:1      | Reached XP level 1. HP: 10/10 MP: 6/6
   460 | D:1      | Reached XP level 2. HP: 15/15 MP: 4/8
   464 | D:1      | Learned a level 2 spell: Poisonous Vapours
   910 | D:2      | Found an opulent altar of Gozag.
  1036 | D:2      | Reached XP level 3. HP: 19/19 MP: 2/10
  1102 | D:2      | Learned a level 3 spell: Ignite Poison
  1106 | D:2      | Learned a level 3 spell: Mephitic Cloud
  1132 | D:2      | Found a hide-covered altar of Uskayaw.
  1836 | D:3      | Reached XP level 4. HP: 24/24 MP: 9/12
  2281 | D:3      | Killed from afar by a hobgoblin

Illustrated notes

Levels and vault maps discovered:
D:1:      giann_bridges, layout_loops_ring
D:2:      layout_loops_ring, grunt_gozag_statues, lemuel_crystal_altar
D:3:      lemuel_castle_with_subvaults [lemuel_castle_interior_carwin_2],
          layout_loops_corners, lemuel_zombie_altar_kikubaaqudgha

Skill      XL: |  1  2  3 |
---------------+----------+-----
Poison Magic   | 4 |  4.5
Spellcasting   | 4 |  4.2
Short Blades   | |  0.1
Dodging        | |  2.9
Stealth        | |  2.8
Transmutations | |  1.7
Fire Magic     | |  0.1
Air Magic      | |  0.1

Action                   |  1- 3 |  4- 6 || total
-------------------------+-------+-------++-------
Melee: Dagger            |    11 |     9 ||    20
 Cast: Sting             |    31 |    10 ||    41
       Poisonous Vapours |    16 |    12 ||    28
       Ignite Poison     |       |     3 ||     3
  Use: Scroll            |     2 |       ||     2
 Stab: Sleeping          |     2 |       ||     2
Armor: Robe              |     9 |     8 ||    17
Dodge: Dodged            |    18 |    21 ||    39
